 Dungeon Crawl Stone Soup version 0.28.0-53-g5a82cb258f (webtiles) character file.

Game seed: 7002679751751741005

1194 wingedge the Sneak (level 8, -1/87 HPs)
             Began as a Human Brigand on May 25, 2022.
             Was a Believer of Uskayaw.
             Succumbed to a killer bee's poison
             ... on level 5 of the Dungeon.
             The game lasted 00:27:59 (4630 turns).

wingedge the Sneak (Human Brigand)                  Turns: 4630, Time: 00:27:59

Health: -1/87      AC:  5    Str: 13    XL:     8   Next: 71%
Magic:  11/11      EV: 13    Int: 22    God:    Uskayaw [**....]
Gold:   252        SH:  0    Dex: 14    Spells: 9/12 levels left

rFire   + . .      SeeInvis .   g - +4 dagger (venom)
rCold   . . .      Faith    .   (no shield)
rNeg    . . .      Spirit   .   b - +0 robe
rPois   .          Reflect  .   (no helmet)
rElec   .          Harm     .   F - +1 cloak "Pugumyha" {Contam Rampage Int+9 Stlth+}
rCorr   .          Rampage  +   w - +0 pair of gloves
Will    .....                   (no boots)
Stlth   ..........              (no amulet)
HPRegen 0.24/turn               j - ring of protection from fire
MPRegen 0.12/turn               n - +4 ring of slaying

@: berserking, lethally poisoned (-1 -> -15), very quick
A: no striking features
a: Renounce Religion, Stomp, Line Pass


You were on level 5 of the Dungeon.
You worshipped Uskayaw.
Uskayaw was noncommittal.
You visited 1 branch of the dungeon, and saw 6 of its levels.
You also visited: Sewer.

You collected 252 gold pieces.

Inventory:

Hand Weapons
 a - a +2 dagger
 f - a +1 vampiric dagger
 g - a +4 dagger of venom (weapon)
 s - a +1 rapier of draining
 u - a +0 hunting sling
 y - a +2 dagger of draining
Missiles
 d - 8 poisoned darts
 e - 6 curare-tipped darts (quivered)
 t - 24 arrows
 v - 131 stones
Armour
 b - a +0 robe (worn)
 c - a +0 cloak
 i - an orb of mayhem
 p - a +0 scale mail
 w - a +0 pair of gloves (worn)
 F - the +1 cloak "Pugumyha" (worn) {Contam Rampage Int+9 Stlth+}
   (You found it on level 4 of the Dungeon)

   Int:       It affects your intelligence (+9).
   Contam:    It causes magical contamination when unequipped.
   Rampage:   It bestows one free step when moving towards enemies.
   Stlth:     It makes you more stealthy.
Magical Staves
 z - a staff of death
Jewellery
 j - a ring of protection from fire (left hand)
 n - a +4 ring of slaying (right hand)
Wands
 G - a wand of paralysis (13)
Scrolls
 h - 3 scrolls of teleportation
 m - a scroll of amnesia {unknown}
 q - a scroll of blinking
 r - a scroll of immolation
 x - 3 scrolls of fog {unknown}
 B - a scroll of vulnerability {unknown}
 C - a scroll of torment {unknown}
 E - 2 scrolls of identify
 I - a scroll of noise {unknown}
Potions
 o - a potion of brilliance
 A - a potion of mutation
 D - 4 potions of flight
 H - a potion of might


   Skills:
 + Level 3.5 Fighting
 * Level 4.2 Short Blades
 - Level 0.8(2.0) Slings
 - Level 2.8(3.0) Throwing
 * Level 4.3 Dodging
 * Level 6.2 Stealth
 + Level 2.6 Spellcasting
 - Level 2.0 Fire Magic
 + Level 1.6 Poison Magic
 * Level 2.5 Evocations


You had 9 spell levels left.
You knew the following spells:

 Your Spells              Type           Power      Damage    Failure   Level
a - Scorch                Fire           22%        2d6       9%          2
b - Sting                 Tmut/Pois      24%        1d4       10%         1

Your spell library contained the following spells:

 Spells                   Type           Power      Damage    Failure   Level
 Poisonous Vapours        Pois/Air       12%        N/A       14%         2
 Olgreb's Toxic Radiance  Pois           10%        N/A       54%         4
 Flame Wave               Conj/Fire      7%         2d5       65%         4
 Summon Cactus Giant      Summ           1%         N/A       100%        6


Dungeon Overview and Level Annotations

Branches:
Dungeon (6/15)              Sewer (visited)
 Temple: D:4-7

Altars:
Ashenzari
Hepliaklqana
Qazlal
Trog
Uskayaw

Shops:
D:3 *


Message History

The killer bee is severely wounded.
You kill the killer bee!
You miss the killer bee. The killer bee closely misses you.
The killer bee stings you!
You miss the killer bee. The killer bee stings you.
You closely miss the killer bee. The killer bee closely misses you.
The killer bee stings you.
You are poisoned.
The killer bee poisons you!
You can no longer pass through a line of other dancers.
You closely miss the killer bee.
You feel sick. The killer bee stings you. x2
* * * LOW HITPOINT WARNING * * *
You are more poisoned.
The killer bee poisons you!
* * * LOW HITPOINT WARNING * * *
You feel very sick. The killer bee barely misses you.
Really quaff the potion of mutation?
Okay, then.
A red film seems to cover your vision as you go berserk!
You feel yourself moving faster!
You feel mighty!
You feel very sick.
You hit the killer bee.
The killer bee is poisoned.
The killer bee is moderately wounded.
You feel sick.
The killer bee stings you but does no damage.
The killer bee stings you!
* * * LOW HITPOINT WARNING * * *
You are lethally poisoned!
The killer bee poisons you! The killer bee misses you.
You puncture the killer bee!
You kill the killer bee!
* * * LOW HITPOINT WARNING * * *
You feel sick. The killer bee stings you.
* * * LOW HITPOINT WARNING * * *
You can now pass through a line of other dancers.
Training target 2.0 for Fire Magic reached!
Your Fire Magic skill increases to level 2!
You closely miss the killer bee.
You die...

.>...............#
##########.#####.# #
#.# #.# # #.# #.#
##### #.# #.# ....#
#.# #.# ###.# ##.#
#.# # #.# .... #.# #
#.####.....###@### #
#...........hy...#
###..###.....###.#.#
.##..# .... #.#.#
.....# # #.# #
.##..# #.# ###..#
... # #..# #.# #
#..# .#


You could see a howler monkey and a killer bee.

Vanquished Creatures
  A hornet (D:5)
  Sigmund (D:5)
  A necrophage (D:5)
  A scorpion (D:5)
  3 killer bees (D:5)
  A hound (D:5)
  A jelly (D:5)
  A bullfrog zombie (D:5)
  An orc priest (D:3)
  2 iguanas (D:5)
  2 bullfrog skeletons
  Ijyb (D:4)
  An orc wizard (D:3)
  4 gnolls (D:4)
  7 adders
  A howler monkey skeleton (D:4)
  6 river rats
  An ufetubus (D:4)
  An adder skeleton (D:4)
  A worm (D:3)
  2 dart slugs
  7 orcs
  5 endoplasms
  11 giant cockroaches
  7 goblins
  7 hobgoblins
  6 jackals
  2 quokkas
  8 ball pythons
  16 bats
  7 frilled lizards
  9 kobolds
  4 rats
129 creatures vanquished.

Vanquished Creatures (others)
  2 plants (D:5)
2 creatures vanquished.

Grand Total: 131 creatures vanquished

Notes
Turn   | Place    | Note
-------+----------+-------------------------------------------
     0 | D:1      | wingedge the Human Brigand began the quest for the Orb.
     0 | D:1      | Reached XP level 1. HP: 16/16 MP: 1/1
   104 | D:1      | Reached XP level 2. HP: 18/22 MP: 2/2
   422 | D:1      | Reached XP level 3. HP: 27/27 MP: 3/3
   635 | D:1      | Found a faded altar of an unknown god.
   887 | D:1      | Learned a level 2 spell: Scorch
  1354 | D:2      | Reached XP level 4. HP: 34/34 MP: 4/4
  1624 | D:3      | Found a stormy altar of Qazlal.
  1664 | D:3      | Found a hazy altar of Hepliaklqana.
  1832 | D:3      | Found a glowing drain.
  1837 | D:3      | Reached XP level 5. HP: 27/39 MP: 6/6
  1848 | Sewer    | Entered a sewer
  1904 | Sewer    | Reached skill level 1 in Spellcasting
  2496 | Sewer    | Reached skill level 5 in Stealth
  2589 | D:3      | Reached XP level 6. HP: 46/46 MP: 8/8
  2635 | D:3      | Found Kauwn's Assorted Antiques.
  3224 | D:4      | Found a bloodstained altar of Trog.
  3302 | D:4      | Identified the +1 cloak "Pugumyha" {Contam Rampage Int+9
                  | Stlth+}
  3359 | D:4      | Learned a level 1 spell: Sting
  3528 | D:4      | Reached XP level 7. HP: 43/51 MP: 4/9
  3530 | D:4      | Noticed Ijyb
  3555 | D:4      | Killed Ijyb
  3952 | D:5      | Entered Level 5 of the Dungeon
  3968 | D:5      | Reached skill level 1 in Fire Magic
  4030 | D:5      | Found a broken altar of Ashenzari.
  4064 | D:5      | Reached skill level 1 in Evocations
  4091 | D:5      | Noticed Sigmund
  4099 | D:5      | Killed Sigmund
  4100 | D:5      | Reached skill level 1 in Poison Magic
  4100 | D:5      | Reached XP level 8. HP: 44/58 MP: 11/11
  4215 | D:5      | Found a hide-covered altar of Uskayaw.
  4225 | D:5      | Became a worshipper of Uskayaw the Reveller
  4233 | D:5      | Reached * piety under Uskayaw
  4386 | D:5      | Noticed a hornet
  4395 | D:5      | Killed a hornet
  4396 | D:5      | Reached skill level 6 in Stealth
  4397 | D:5      | HP: 2/58 [poisoned by a hornet]
  4589 | D:5      | Reached ** piety under Uskayaw
  4629 | D:5      | HP: 1/87 [killer bee (5)]
  4630 | D:5      | Succumbed to a killer bee's poison

Illustrated notes

Levels and vault maps discovered:
D:1:      dpeg_arrival_renting, layout_loops_cross,
          hellmonk_ecumenical_altar_blasted, glass_columns_a,
          minmay_pentomino_w4
D:2:      layout_rooms
D:3:      layout_basic, mainiacjoe_overflow_boulevard,
          mainiacjoe_overflow_six_doors_small, portal_sewer_entry_e,
          serial_shops, shop
D:4:      layout_basic, nicolae_overflow_crystal_walls, serial_bayou_crossing,
          uniq_ijyb
D:5:      layout_loops_ring, nicolae_uskayaw_dance_hall, kennysheep_little_box,
          serial_bayou_pond_d, minmay_checkerbox, uniq_blork_the_orc,
          uniq_sigmund
D:6:      layout_loops_cross, kennysheep_mini_moat, minmay_three_doors,
          uniq_grinder

Skill      XL: |  1  2  3  4  5  6  7  8 |
---------------+-------------------------+-----
Dodging        | 2 3 4 |  4.3
Spellcasting   | 1 2 |  2.6
Stealth        | 5 6 |  6.2
Short Blades   | 3 4 |  4.2
Fire Magic     | 1 2 |  2.0
Fighting       | 3 |  3.5
Evocations     | 1 2 |  2.5
Poison Magic   | 1 |  1.6
Slings         | |  0.8
Throwing       | |  2.8

Action                   |  1- 3 |  4- 6 |  7- 9 || total
-------------------------+-------+-------+-------++-------
Melee: Dagger            |    74 |    26 |    65 ||   165
       Punch             |     1 |       |     2 ||     3
       Rapier            |    13 |   121 |       ||   134
 Fire: Hunting sling     |     7 |     5 |       ||    12
Throw: Dart              |     9 |     3 |       ||    12
 Cast: Scorch            |       |     1 |     1 ||     2
  Use: Scroll            |       |     5 |     2 ||     7
       Potion            |       |     1 |     3 ||     4
 Stab: Sleeping          |     9 |    11 |     4 ||    24
Armor: Robe              |    17 |    49 |     9 ||    75
Dodge: Dodged            |    53 |    92 |    34 ||   179
